 Dungeon Crawl Stone Soup version 0.28.0-47-ge53b351184 (webtiles) character file.

Game seed: 14762299055042297645

79 101zpm the Magician (level 4, 0/31 HPs)
             Began as a Djinni Ice Elementalist on Apr 27, 2022.
             Killed by miscasting Hailstorm (21 damage)
             ... on level 4 of the Dungeon.
             The game lasted 00:03:31 (2205 turns).

101zpm the Magician (Djinni Ice Elementalist)       Turns: 2205, Time: 00:03:34

Health: 0/31       AC:  8    Str:  7    XL:     4   Next: 62%
Gold:   38         EV: 12    Int: 18    God:
                   SH:  0    Dex: 14

rFire   + + .      SeeInvis .   f - +0 broad axe
rCold   x . .      Faith    .   (no shield)
rNeg    . . .      Spirit   .   a - +0 robe
rPois   ∞          Reflect  .   (no helmet)
rElec   .          Harm     .   (no cloak)
rCorr   .          Rampage  .   (no gloves)
Will    .....                   (boots unavailable)
Stlth   ++........              (no amulet)
HPRegen 0.10/turn               (no ring)
MPRegen 0.00/turn               (no ring)

@: ice-armoured, freezing walls, flying, very slightly contaminated
A: sickness immunity, fire resistance 2, cold vulnerability 1, float, innate
caster, HP casting, extra vitality 1
a: no special abilities


You were on level 4 of the Dungeon.
You visited 1 branch of the dungeon, and saw 4 of its levels.

You collected 38 gold pieces.

Inventory:

Hand Weapons
 f - a +0 broad axe (weapon)
Armour
 a - a +0 robe (worn)
Wands
 c - a wand of iceblast (6)
Scrolls
 d - 3 scrolls of blinking {unknown}
 g - a scroll of vulnerability {unknown}
Potions
 b - a potion of resistance {unknown}
 e - a potion of invisibility {unknown}


   Skills:
 + Level 0.1 Fighting
 + Level 0.4 Axes
 + Level 2.8 Dodging
 + Level 1.7 Stealth
 + Level 4.2 Spellcasting


You couldn't memorise any spells.
You knew the following spells:

 Your Spells              Type           Power      Damage    Failure   Level
a - Freeze                Ice            72%        1d9       2%          1
b - Frozen Ramparts       Ice            36%        1d5       8%          3
c - Ozocubu's Armour      Ice            18%        N/A       8%          3
d - Hailstorm             Conj/Ice       18%        3d6       26%         4
e - Apportation           Tloc           36%        N/A       2%          1
Your spell library was empty.

Dungeon Overview and Level Annotations

Branches:
Dungeon (4/15)
 Temple: D:4-7

Altars:
Ashenzari
Vehumet


Innate Abilities, Weirdness & Mutations

You are immune to sickness and miasma.
You are immune to poison.
Your flesh is very heat resistant. (rF++)
You are vulnerable to cold. (rC-)
You float through the air rather than walking.
You learn spells naturally, not from books.
Your magical power is your life essence.
You have superior vitality. (+4 MHP)


Message History

You slash the centaur skeleton!
The centaur skeleton is almost destroyed.
The centaur skeleton barely misses you. x2; The centaur skeleton hits you.
The centaur skeleton kicks you but does no damage.
You are too injured to fight recklessly!
You slash the centaur skeleton!
You destroy the centaur skeleton!
You start resting.
HP restored.
There is an escape hatch in the ceiling here.
You now have 38 gold pieces (gained 8).
g - a scroll labelled VURAIH ERIR A goblin comes into view.
It is wielding a +0 club.
Found 17 bolts.
Found an escape hatch in the floor.
There is an open door here.
An ogre comes into view. It is wielding a +0 giant club.
The ogre shouts!
You freeze the goblin.
You kill the goblin!
Casting: Freeze (safe; 2% risk of failure)
Confirm with . or Enter, or press ? or * to list all spells.
The spell is quite dangerous to miscast (8% risk of failure)!
Continue anyway?
Casting: Frozen Ramparts (quite dangerous; 8% risk of failure)
Press: ? - help, Dir - look around, f - activate The walls around you are covered in ice.
Casting: Frozen Ramparts (quite dangerous; 8% risk of failure)
Confirm with . or Enter, or press ? or * to list all spells.
The spell is quite dangerous to miscast (8% risk of failure)!
Continue anyway?
A film of ice covers your body!
The wall freezes the ogre.
Casting: Ozocubu's Armour (quite dangerous; 8% risk of failure)
Confirm with . or Enter, or press ? or * to list all spells.
The spell is extremely dangerous to miscast (26% risk of failure)!
Continue anyway?
Casting: Hailstorm (extremely dangerous; 26% risk of failure)
Press: ? - help, Dir - look around, f - activate You miscast Hailstorm.
You are very lightly contaminated with residual magic.
You are covered in a thin layer of ice!!
You feel a terrible chill!
Ouch! That really hurt!
You die...

#....# #....#
##'###### #....#
#........ ##...#
#........ ##...#
+........ #....#
#........
#....#####.....# '
##.......#.....#..
##.......#@....'..
...........#.....#..
............#O....#
#..###.####.##.)...###
#. ###.####.#......(..
. .........#.........
.........'.........
##.###.###......>.. #.
...#+#####


You could see an ogre.

Vanquished Creatures
  A centaur skeleton (D:4)
  2 adders
  2 orcs (D:3)
  A bat (D:3)
  3 endoplasms
  2 giant cockroaches
  5 goblins
  3 hobgoblins
  A kobold (D:2)
  2 ball pythons (D:2)
  4 frilled lizards
  5 rats
31 creatures vanquished.

Notes
Turn   | Place    | Note
-------+----------+-------------------------------------------
     0 | D:1      | 101zpm the Djinni Ice Elementalist began the quest for the
                  | Orb.
     0 | D:1      | Reached XP level 1. HP: 15/15 MP: 0/0
   635 | D:2      | Reached XP level 2. HP: 10/21 MP: 0/0
   828 | D:2      | Reached XP level 3. HP: 15/25 MP: 0/0
   828 | D:2      | Learned a level 1 spell: Apportation
  1002 | D:2      | Found a faded altar of an unknown god.
  1607 | D:3      | Found a broken altar of Ashenzari.
  1669 | D:3      | Reached skill level 4 in Spellcasting
  1764 | D:3      | Reached XP level 4. HP: 20/31 MP: 0/0
  2197 | D:4      | Noticed an ogre
  2205 | D:4      | Killed by miscasting Hailstorm

Illustrated notes

Levels and vault maps discovered:
D:1:      matt_arrival_los_fun, layout_basic, chequers_serial_rivers_micro_e,
          st_stairs_11
D:2:      layout_loops_ring, hellmonk_ecumenical_altar_blasted
D:3:      layout_loops_ring, nicolae_overflow_hidden_temple, solitary_fountain,
          grunt_ministairs_11
D:4:      layout_gridville, temple_doors_e, chequers_serial_rivers_micro_e

Skill      XL: |  1  2  3 |
---------------+----------+-----
Spellcasting   | 4 |  4.2
Fighting       | |  0.1
Axes           | |  0.4
Dodging        | |  2.8
Stealth        | |  1.7

Action                   |  1- 3 |  4- 6 || total
-------------------------+-------+-------++-------
Melee: War axe           |     2 |       ||     2
       Broad axe         |       |     5 ||     5
 Cast: Freeze            |    47 |     5 ||    52
       Ozocubu's Armour  |       |     1 ||     1
       Frozen Ramparts   |       |     1 ||     1
Armor: Robe              |     2 |     5 ||     7
Dodge: Dodged            |    21 |    13 ||    34
